Unix NetHack Version 3.7.0-101 Work-in-progress - last build Mar 25 2024 02:12:53 (5458479b560f55d28fd2f931411db4bd9d429f88,branch:master). Game began 2024-03-25 07:20:18, ended 2024-03-25 08:05:28. aoei, chaotic female human Monk ----- ------- |...------ --|Wygo$| |........| |o-$G$oG| |........| |-|1irg@|-- -------.---- |.+cFod%[.| |.0.....0.-- |-|:ZoCy|.| |.%........| |.+$ZO1$|.| |..........| --|cfMjr|.| -----.-------- ------|.| |............| |.| |............| |%| --------.----| |.| |...........| |.| |...........| |.| -------.------ |.| |.......----------------.| |>.......................| -------------------------- Aoei the Initiate St:18/01 Dx:11 Co:16 In:12 Wi:12 Ch:8 Chaotic Dlvl:2 $:90 HP:0(58) Pw:26(26) AC:4 Xp:8 T:4075 Latest messages: The Uruk-hai wakes up. The kobold mummy wakes up. The ogre wakes up. The orc-captain wakes up. The warg wakes up. The rock mole wakes up. The small mimic wakes up. The gremlin wakes up. The housecat wakes up. The kobold zombie wakes up. The hill orc wakes up. The lichen wakes up. The quasit wakes up. The wraith wakes up. The gnome lord wakes up. The cockatrice wakes up. The lizard wakes up. The kobold zombie wakes up. The chickatrice wakes up. The Mordor orc wakes up. The yellow light wakes up. The gnome queen hits! The Uruk-hai hits! The orc shaman casts a spell at you! Your brain is on fire! The gremlin drinks an orange potion! The gremlin seems more experienced. The kobold zombie misses the orc-captain. The gnome lord drinks a cyan potion! The gnome lord looks completely healed. The Mordor orc throws a knife! The knife hits it. You hit it. You hit it. The gray unicorn butts! The gray unicorn misses! The warg bites! The kobold zombie misses the orc-captain. The hill orc hits the kobold zombie. The gray unicorn butts! The gray unicorn misses! You kill the gray unicorn! The gnome queen hits! The gargoyle hits! The gargoyle hits again! The gargoyle bites! The Uruk-hai hits! The warg bites! You die... Do you want to see the dungeon overview? [ynq] (y) Inventory: Armor A - a blessed +0 dwarvish iron helm (being worn) y - a blessed +2 pair of iron shoes (being worn) R - an uncursed +0 dwarvish cloak (being worn) U - an uncursed +0 Hawaiian shirt with a palm tree motif (being worn) Tools n - an uncursed sack containing 34 items e - an uncursed lock pick i - a magic marker (0:21) P - a +0 pick-axe Comestibles X - 2 uncursed fafafas u - an uncursed banana f - 2 uncursed cloves of garlic a - 2 uncursed food rations Rings o - an uncursed ring of conflict Z - a cursed -2 ring of increase accuracy k - an uncursed ring of polymorph t - a blessed +2 ring of protection Wands l - a wand of cancellation (0:2) q - a wand of create monster (0:13) Scrolls m - an uncursed scroll of blank paper j - a cursed scroll of charging g - an uncursed scroll of create monster b - an uncursed scroll of earth Potions d - an uncursed potion of full healing c - an uncursed potion of object detection Gems/Stones K - an uncursed garnet stone Y - an uncursed worthless piece of red glass r - 2 uncursed luckstones Coins $ - 90 gold pieces Contents of the sack: an uncursed tallow candle 6 uncursed apples 4 uncursed food rations 6 uncursed oranges an uncursed +2 ring of adornment an uncursed ring of see invisible an uncursed ring of stealth a cursed ring of searching an uncursed +2 ring of protection a cursed -1 ring of protection a wand of create monster (0:12) a wand of probing (0:5) an uncursed scroll of food detection an uncursed scroll of stinking cloud an uncursed scroll of enchant weapon 5 uncursed scrolls of identify 2 uncursed scrolls of teleportation a cursed scroll of teleportation an uncursed potion of water an uncursed potion of invisibility an uncursed potion of confusion an uncursed potion of blindness an uncursed potion of extra healing 2 blessed potions of healing 3 uncursed potions of healing 3 cursed potions of healing an uncursed worthless piece of orange glass an uncursed fluorite stone 3 uncursed worthless pieces of green glass an uncursed jacinth stone an uncursed jasper stone 2 uncursed worthless pieces of yellow glass an uncursed worthless piece of yellowish brown glass 327 gold pieces Aoei the Monk's attributes: Background: You were an Initiate, a level 8 female human Monk. You were chaotic, on a mission for Huan Ti who was opposed by Shan Lai Ching (lawful) and Chih Sung-tzu (neutral). You were right-handed. You were in Sokoban, on level 2. You entered the dungeon 4075 turns ago. There was a full moon in effect when your adventure ended. You had 1686 experience points, 874 more were needed to attain level 9. Basics: You had 0 out of 58 hit points. You had all 26 energy points (spell power). Your armor class was 4. Your wallet contained 90 zorkmids, and you had 327 more stashed away in your pack. Autopickup was on for '$?!/"=' plus thrown, with exceptions. Final Characteristics: Your strength was 18/01 (limit:18/100). Your dexterity was 11 (limit:18). Your constitution was 16 (limit:18). Your intelligence was 12 (limit:18). Your wisdom was 12 (limit:18). Your charisma was 8 (limit:18). Final Status: You weren't hungry. You were unencumbered. You were bare handed. You were skilled in martial arts. Final Attributes: You were piously aligned. Your items were somewhat protected from fire. Your items were somewhat protected from cold. You were sleep resistant. You were poison resistant. You saw invisible. You were warned. You were stealthy. You were warded. You were fast. You were lucky. You had extra luck. Bad luck did not time out for you. Good luck did not time out for you. You are dead. Miscellaneous: You disabled loading of bones levels. Total elapsed playing time was 43 minutes and 24 seconds. Major events: Turn 1: aoei the chaotic female human Monk entered the dungeon 176: entered the Gnomish Mines 192: attained the rank of Novice (level 3) 492: attained the rank of Initiate (level 6) 562: reached Mine Town 2091: entered Sokoban 2276: completed 1st Sokoban level 2828: completed 2nd Sokoban level 3253: completed 3rd Sokoban level 4051: completed 4th Sokoban level 4075: killed by a warg Vanquished creatures: 2 giant mimics a small mimic a tengu a quivering blob 2 winter wolf cubs a dwarf mummy 2 lizards a gray unicorn a gnome mummy 4 apes an imp a wood nymph an Uruk-hai an orc shaman a yellow light a shrieker a violet fungus 5 gnome leaders 4 gnomish wizards a kobold mummy 2 ghouls a baby crocodile a kitten 8 dwarves 4 rothes 2 centipedes a giant bat 2 iguanas 4 killer bees a coyote 4 hobbits a large kobold 2 hobgoblins 3 giant rats 3 cave spiders 23 gnomes a gnome zombie 3 geckos a fox a goblin 4 sewer rats 5 grid bugs 5 bats 4 lichens 3 newts 122 creatures vanquished. No species were genocided or became extinct. Voluntary challenges: You followed a strict vegan diet. You never hit with a wielded weapon. You read items or engraved 3 times. You never engraved Elbereth. You never genocided any monsters. You never polymorphed an object. You never changed form. You used no wishes. You did not violate any of the special Sokoban rules. Achievements: You entered the Gnomish Mines. You attained the rank of Novice. You attained the rank of Initiate. You entered Minetown. You entered a temple. You entered a shop. You entered Sokoban. The Dungeons of Doom: levels 1 to 7 Level 1: A fountain. Level 2: Some fountains. Stairs down to The Gnomish Mines. Level 3: A fountain. Level 4: Level 5: Many fountains. Oracle of Delphi. Level 6: A fountain. Stairs up to Sokoban, level 5. Level 7: The Gnomish Mines: levels 3 to 6 Level 3: Level 4: Level 5: Level 6: A temple and an altar, some fountains. Sokoban: levels 5 up to 2 Level 2: <- You were here. Solved. Final resting place for you, killed by a warg. Level 3: Solved. Level 4: Solved. Level 5: Solved. Game over: ---------- / \ / REST \ / IN \ / PEACE \ / \ | aoei | | 417 Au | | killed by a warg | | | | | | | | 2024 | *| * * * | * _________)/\\_//(\/(/\)/\//\/|_)_______ Goodbye aoei the Monk... You died in Sokoban on dungeon level 2 with 7430 points, and 417 pieces of gold, after 4075 moves. You were level 8 with a maximum of 58 hit points when you died.